 Dungeon Crawl Stone Soup version 0.23.2-11-gf996548c65 (webtiles) character file.

Game seed: 4270381806632432043

4 MalarOregon the Digger (level 1, 0/14 HPs)
             Began as a Ghoul Earth Elementalist on June 6, 2019.
             Slain by a kobold (1 damage)
             ... on level 1 of the Dungeon.
             The game lasted 00:00:32 (99 turns).

MalarOregon the Digger (Ghoul Earth Elementalist)     Turns: 99, Time: 00:00:33

Health: 0/14       AC:  2    Str: 11    XL:     1   Next: 60%
Magic:  0/2        EV: 12    Int: 10    God:
Gold:   15         SH:  0    Dex:  9    Spells: 2/3 levels left

rFire    . . .     SeeInvis .   (no weapon)
rCold    + . .     Gourm    .   (no shield)
rNeg     + + +     Faith    .   c - +0 robe
rPois    ∞         Spirit   .   (no helmet)
rElec    .         Reflect  .   (no cloak)
rCorr    .         Harm     .   (no gloves)
MR       .....                  (no boots)
Stlth    ++........             (no amulet)
HPRegen  0.00/turn              (no ring)
MPRegen  0.08/turn              (no ring)

@: rotting
A: rotting body, claws 1, carnivore, cold resistance 1, negative energy
resistance 3, inhibited regeneration, torment resistance, unbreathing
a: no special abilities


You were on level 1 of the Dungeon.
You were not hungry.

You visited 1 branch of the dungeon, and saw 1 of its levels.

You collected 15 gold pieces.

Inventory:

Missiles
 b - 28 stones (quivered)
Armour
 c - a +0 robe (worn)
Scrolls
 a - a scroll of identify {unknown}
Comestibles
 e - 2 rations {!d}


   Skills:
 + Level 0.1 Fighting
 + Level 1.8 Dodging
 + Level 2.2 Stealth
 + Level 1.8 Spellcasting
   Level 0.8 Transmutations
 * Level 3.4 Earth Magic


You had 2 spell levels left.
You knew the following spells:

 Your Spells              Type           Power        Failure   Level  Hunger
a - Sandblast             Erth           #.....       8%          1    ##.....

Your spell library contained the following spells:

 Spells                   Type           Power        Failure   Level  Hunger
 Passwall                 Tmut/Erth      #.......     21%         2    ###....
 Stone Arrow              Conj/Erth      #.....       43%         3    ####...
 Petrify                  Tmut/Erth      #.......     78%         4    #####..
 Lee's Rapid Deconstruct  Erth           #.........   91%         5    ######.


Dungeon Overview and Level Annotations

Branches:
Dungeon (1/15)

Altars:


Innate Abilities, Weirdness & Mutations

Your body is rotting away.
You thrive on raw meat.
You are immune to poison.
You have sharp fingernails.
You are carnivorous and can eat meat at any time.
Your flesh is cold resistant. (rC+)
You are immune to negative energy. (rN+++)
You do not regenerate when monsters are visible.
You are immune to unholy pain and torment.
You can survive without breathing.


Message History

The bat hits you. The leopard gecko closely misses you.
You scratch the leopard gecko. The bat barely misses you.
The leopard gecko bites you.
You miss the leopard gecko. The bat closely misses you.
The leopard gecko bites you.
* * * LOW HITPOINT WARNING * * *
The leopard gecko barely misses you.
Aim: a leopard gecko (almost dead)
The blast of sand hits the leopard gecko.
You kill the leopard gecko!
b - 29 stones The bat completely misses you.
Aim: a kobold You miscast Sandblast.
You are very lightly contaminated with residual magic.
Sand pours from your claws. The bat barely misses you.
The kobold closely misses you. The bat hits you but does no damage.
You see here a leather armour.
The bat barely misses you. The bat closely misses you.
The bat closely misses you.
You see here 13 gold pieces.
The bat barely misses you. The bat closely misses you.
The bat barely misses you. The bat hits you but does no damage.
The bat hits you.
* * * LOW HITPOINT WARNING * * *
You miss the bat. The bat barely misses you. The bat completely misses you.
You closely miss the bat. The bat barely misses you. The bat misses you.
Aim: a kobold The blast of sand misses the bat.
The blast of sand misses the kobold.
b - 28 stones The bat hits you.
* * * LOW HITPOINT WARNING * * *
The bat hits you but does no damage.
You barely miss the bat. The bat hits you but does no damage.
The bat closely misses you.
You scratch the bat. The bat hits you but does no damage. x2
You scratch the bat.
You kill the bat!
You closely miss the kobold. The kobold closely misses you.
You closely miss the kobold. The kobold closely misses you.
You closely miss the kobold. The kobold hits you.
* * * LOW HITPOINT WARNING * * *
A ball python comes into view.
The kobold hits you.
* * * LOW HITPOINT WARNING * * *
Your magical contamination has completely faded away.
The kobold hits you.
You die...

#..[# #...# #.†.# #...#
###### #...######## #
.....# #..[#.$....# ..
####.####.......#†# #.###
####.##§........#K#S....#
#.......≈≈≈≈≈≈≈.@........
#.##.#..≈§....≈...#..#.##
#.##..)...§§..≈...#.#..#
.....≈≈§§§≈§..≈....$# ...
#.##.≈..§§§§..≈...## ##
#.#..≈..≈<....≈...##
.÷...≈..§§≈≈§≈≈.....
#.##.≈...§......#.#
#.##§≈§.§§.≈.####


You could see a ball python (sleeping) and a kobold.

Vanquished Creatures
  A leopard gecko (D:1)
  A bat (D:1)
  A frilled lizard (D:1)
3 creatures vanquished.

Notes
Turn   | Place    | Note
-------+----------+-------------------------------------------
     0 | D:1      | MalarOregon the Ghoul Earth Elementalist began the quest
                  | for the Orb.
     0 | D:1      | Reached XP level 1. HP: 14/14 MP: 2/2
    99 | D:1      | Slain by a kobold

Action                   || total
-------------------------++-------
Melee: Unarmed           ||    13
 Cast: Sandblast         ||     2
  Eat: Chunk             ||     1
Armor: Robe              ||     7
Dodge: Dodged            ||    21
